 Dungeon Crawl Stone Soup version 0.21.1-1-g345015f (webtiles) character file.

2033 tidbits the Sneak (level 9, 65/65 HPs)
             Began as a Gnoll Enchanter on June 8, 2018.
             Quit the game on level 4 of the Dungeon.
             The game lasted 00:20:38 (1760 turns).

tidbits the Sneak (Gnoll Enchanter)                 Turns: 1760, Time: 00:20:39

Health: 65/65      AC: 10    Str: 10    XL:     9   Next: 24%
Magic:  12/18      EV: 16    Int: 21    God:
Gold:   136        SH:  0    Dex: 16    Spells: 11/20 levels left

rFire    . . .     SeeInvis +   F - +2 rapier "Eqiet" {pierce, MR+ SInv}
rCold    . . .     Gourm    .   (no shield)
rNeg     . . .     Faith    .   B - +0 steam dragon scales
rPois    .         Spirit   +   E - +2 hat
rElec    .         Reflect  .   w - scarf {Spirit}
rCorr    .         Harm     .   G - +0 pair of gloves
MR       +....                  (no boots)
Stlth    ++++......             K - amulet of rage
HPRegen  0.20/turn              e - ring of see invisible
MPRegen  0.16/turn              H - +1 ring of protection

@: no status effects
A: distributed training, fangs 1, strong nose
a: Evoke Berserk Rage


You were on level 4 of the Dungeon.
You were not hungry.

You visited 1 branch of the dungeon, and saw 7 of its levels.

You collected 136 gold pieces.

Inventory:

Hand Weapons
 a - a +1 dagger
 q - a +0 flail
 r - a +0 war axe
 s - a +0 trident
 y - a +0 shortbow
 D - a +0 flail of crushing
   (You took it off an orc on level 6 of the Dungeon)
 F - the +2 rapier "Eqiet" (weapon) {pierce, MR+ SInv}
   (You found it on level 7 of the Dungeon)

   It inflicts extra damage upon your enemies.
   It affects your resistance to hostile enchantments.
   It lets you see invisible.
 J - the +7 quarterstaff of a wizard's laboratory {pain, +Fly rElec rPois MR-}
   (You found it on level 4 of the Dungeon)

   In the hands of one skilled in necromantic magic, it inflicts extra damage on
   living creatures.
   It insulates you from electricity.
   It protects you from poison.
   It affects your resistance to hostile enchantments.
   It lets you fly.
Missiles
 m - 2 javelins of penetration
 n - a throwing net {!f}
 t - 74 arrows
 x - 4 javelins (quivered)
 A - 6 tomahawks
 I - 13 sling bullets
Armour
 w - a scarf of spirit shield (worn)
   (You found it on level 3 of the Dungeon)
 B - +0 steam dragon scales (worn)
 E - a +2 hat (worn)
 G - a +0 pair of gloves (worn)
 M - a +1 robe
Jewellery
 e - a ring of see invisible (left hand)
   (You found it on level 1 of the Dungeon)
 H - a +1 ring of protection (right hand)
   (You took it off an orc priest on level 6 of the Dungeon)
 K - an amulet of rage (around neck)
   (You took it off an orc on level 6 of the Dungeon)
Wands
 p - a wand of paralysis (7)
Scrolls
 f - 2 scrolls of amnesia
 h - a scroll of blinking
 j - 3 scrolls of enchant weapon
 k - 2 scrolls of remove curse
 l - a scroll of teleportation
 u - 2 scrolls of immolation
 v - 3 scrolls of fear
Potions
 b - a potion of agility
 g - a potion of curing {unknown}
 i - a potion of lignification {unknown}
 o - a potion of haste {unknown}
 z - a potion of flight {unknown}
 C - 2 potions of degeneration {unknown}
 L - 2 potions of magic {unknown}
Books
 d - a book of Maledictions

   Spells                             Type                      Level
   a - Corona                         Hexes                        1
   b - Ensorcelled Hibernation        Hexes/Ice                    2
   c - Confuse                        Hexes                        3
   d - Tukima's Dance                 Hexes                        3
   e - Dazzling Spray                 Conjuration/Hexes            3
Comestibles
 c - 8 rations


   Skills:
 + Level 4.0 Fighting
 + Level 4.8 Short Blades
 + Level 4.0 Long Blades
 + Level 4.0 Axes
 + Level 4.0 Maces & Flails
 + Level 4.0 Polearms
 + Level 4.0 Staves
 + Level 4.0 Slings
 + Level 4.0 Bows
 + Level 4.0 Crossbows
 + Level 4.0 Throwing
 + Level 4.0 Armour
 + Level 6.1 Dodging
 + Level 7.2 Stealth
 + Level 4.0 Shields
 + Level 4.0 Unarmed Combat
 + Level 6.4 Spellcasting
 + Level 3.2 Conjurations
 + Level 6.4 Hexes
 + Level 3.2 Charms
 + Level 3.2 Summonings
 + Level 3.2 Necromancy
 + Level 3.2 Translocations
 + Level 3.2 Transmutations
 + Level 3.2 Fire Magic
 + Level 3.2 Ice Magic
 + Level 3.2 Air Magic
 + Level 3.2 Earth Magic
 + Level 3.2 Poison Magic
 + Level 4.3 Invocations
 + Level 4.0 Evocations


You had 11 spell levels left.
You knew the following spells:

 Your Spells              Type           Power        Failure   Level  Hunger
a - Corona                Hex            ####...      1%          1    None
c - Confuse               Hex            ####....     1%          3    #......
d - Dazzling Spray        Conj/Hex       ####..       3%          3    #......
e - Ensorcelled Hibernat  Hex/Ice        ####..       1%          2    None


Dungeon Overview and Level Annotations

Branches:
Dungeon (7/15)
 Temple: D:4-7

Altars:
Gozag
Nemelex Xobeh
Qazlal
Trog
Zin
The Shining One

Shops:
D:4 (


Innate Abilities, Weirdness & Mutations

Your experience applies equally to all skills.
You have very sharp teeth.
Your uncanny sense of smell can sniff out nearby items.


Message History

The helpless adder fails to defend itself.
You stick the adder like a pincushion!!!
You kill the adder!
Found 13 sling bullets.
You see here 13 sling bullets.
I - 13 sling bullets
Found a scroll of enchant weapon.
You see here a scroll of enchant weapon.
j - 3 scrolls of enchant weapon (gained 1)
Found an ichor-stained quarterstaff and 8 gold pieces.
You see here an ichor-stained quarterstaff.
J - an ichor-stained quarterstaff You see here 8 gold pieces.
You now have 136 gold pieces (gained 8).
Wield which item (- for none, * to show all)? (? for menu, Esc to quit)
Pain shudders through your arm!
J - the +7 quarterstaff of a wizard's laboratory (weapon)
{pain, +Fly rElec rPois MR-} Wield which item (- for none, * to show all)? (? for menu, Esc to quit)
F - the +2 rapier "Eqiet" (weapon)
{pierce, MR+ SInv}
Found a scroll of amnesia.
Found 12 poisoned needles.
Found a pair of gloves.
You see here a pair of gloves.
K - a pair of gloves Wear which item? (? for menu, Esc to quit)
You start putting on your armour.
You continue putting on your pair of gloves. x4
You finish putting on your +0 pair of gloves.
Adjust (i)tems, (s)pells, or (a)bilities?
Adjust which item? (? for menu, Esc to quit)
K - a +0 pair of gloves (worn)
Adjust to which letter? (? for menu, Esc to quit)
G - a +0 pair of gloves (worn);
K - an amulet of rage (around neck)
You see here a scroll of amnesia.
f - 2 scrolls of amnesia (gained 1)
Found a ration.
You see here a ration.
c - 8 rations (gained 1)
Found Toenimim's Antique Weapon Shop.
Eustachio the Magnificent comes into view.
He is wielding a falchion.
Eustachio shouts!
Casting: Ensorcelled Hibernation
Confirm with . or Enter, or press ? or * to list all spells.
Aiming: Ensorcelled Hibernation
Press: ? - help, Shift-Dir - straight line, f - Eustachio
Aim: Eustachio, wielding a falchion and wearing a leather armour (chance to defeat MR: 55%) Eustachio resists with significant effort.
Casting: Ensorcelled Hibernation
Confirm with . or Enter, or press ? or * to list all spells.
Aiming: Ensorcelled Hibernation
Press: ? - help, Shift-Dir - straight line, f/p - Eustachio
Aim: Eustachio, wielding a falchion and wearing a leather armour (chance to defeat MR: 55%) Eustachio looks drowsy...
The helpless Eustachio fails to defend himself.
You impale Eustachio!!
Eustachio is almost dead.
Eustachio misses you.
Casting: Ensorcelled Hibernation
Confirm with . or Enter, or press ? or * to list all spells.
Aiming: Confuse
Press: ? - help, Shift-Dir - straight line, f/p - Eustachio
Aim: Eustachio, wielding a falchion and wearing a leather armour (almost dead, chance to defeat MR: 62%) Eustachio resists with significant effort.
Eustachio says, "Summoning is fun!"
Eustachio closely misses you.
Evoke which item? (* to show all) (? for menu, Esc to quit)
Aiming: Paralyse
Press: ? - help, Shift-Dir - straight line, f/p - Eustachio
Aim: Eustachio, wielding a falchion and wearing a leather armour (almost dead, chance to defeat MR: 57%) Eustachio resists with significant effort.
Evoke which item? (* to show all) (? for menu, Esc to quit)
Aiming: Paralyse
Press: ? - help, Shift-Dir - straight line, f/p - Eustachio
Aim: Eustachio, wielding a falchion and wearing a leather armour (almost dead, chance to defeat MR: 57%) Eustachio suddenly stops moving!
The helpless Eustachio fails to defend himself.
You impale Eustachio!!
You kill Eustachio!
Your Fighting skill increases to level 4!
Your Long Blades skill increases to level 4!
Your Axes skill increases to level 4!
Your Maces & Flails skill increases to level 4!
Your Polearms skill increases to level 4!
Your Staves skill increases to level 4!
Your Slings skill increases to level 4!
Your Bows skill increases to level 4!
Your Crossbows skill increases to level 4!
Your Throwing skill increases to level 4!
Your Armour skill increases to level 4!
Your Shields skill increases to level 4!
Your Unarmed Combat skill increases to level 4!
Your Evocations skill increases to level 4!
Things that are here:
a falchion; a leather armour; 2 fuming grey potions
L - 2 fuming grey potions
There is an entrance to Toenimim's Antique Weapon Shop here.
Unknown command.
Press: ? - help, . - travel You can't see that place. [a stone staircase leading down.] Are you sure you want to abandon this character and quit the game? (Confirm with "yes".)

## #### #### ####.#
#...###...# ##....#
##........# ##....#
#........## ##..[.#
#.........####.@..##
#................##
##....>..........##
#.......##......##
#.......####...##
..)....## ##..##
.......## #...#
........### #...#
[.........####..##


There were no monsters in sight!

Vanquished Creatures
  Eustachio (D:4)
  A steam dragon (D:7)
  Menkaure (D:6)
  2 orc warriors (D:6)
  A sky beast (D:5)
  2 ice beasts (D:7)
  2 centaurs
  2 ogres
  2 bullfrogs
  A scorpion (D:6)
  3 killer bees (D:7)
  A bullfrog zombie (D:7)
  2 quasits (D:7)
  2 hounds
  2 orc priests (D:6)
  4 orc wizards
  4 worker ants
  2 howler monkey zombies
  2 gnolls (D:2)
  3 adders
  A howler monkey skeleton (D:6)
  A shadow imp (D:5)
  An ooze (D:2)
  A dart slug (D:2)
  A leopard gecko (D:7)
  15 orcs
  3 goblins
  2 hobgoblins
  2 jackals (D:7)
  A bat (D:3)
  A frilled lizard (D:1)
  A jackal skeleton (D:4)
  2 kobolds
72 creatures vanquished.

Notes
Turn   | Place    | Note
-------+----------+-------------------------------------------
     0 | D:1      | tidbits the Gnoll Enchanter began the quest for the Orb.
     0 | D:1      | Reached XP level 1. HP: 13/13 MP: 6/6
   144 | D:2      | Reached XP level 2. HP: 19/19 MP: 7/7
   148 | D:2      | Learned a level 2 spell: Ensorcelled Hibernation
   252 | D:2      | HP: 1/20 [gnoll/spear (5)]
   256 | D:2      | Reached skill level 5 in Spellcasting
   256 | D:2      | Reached XP level 3. HP: 2/25 MP: 1/9
   261 | D:2      | Learned a level 3 spell: Confuse
   265 | D:2      | Learned a level 3 spell: Dazzling Spray
   363 | D:3      | Reached skill level 6 in Stealth
   391 | D:4      | Noticed an ogre
   396 | D:4      | Killed an ogre
   396 | D:4      | Reached skill level 1 in Fighting
   396 | D:4      | Reached skill level 1 in Long Blades
   396 | D:4      | Reached skill level 1 in Axes
   396 | D:4      | Reached skill level 1 in Maces & Flails
   396 | D:4      | Reached skill level 1 in Polearms
   396 | D:4      | Reached skill level 1 in Staves
   396 | D:4      | Reached skill level 1 in Slings
   396 | D:4      | Reached skill level 1 in Bows
   396 | D:4      | Reached skill level 1 in Crossbows
   396 | D:4      | Reached skill level 1 in Throwing
   396 | D:4      | Reached skill level 1 in Armour
   396 | D:4      | Reached skill level 1 in Shields
   396 | D:4      | Reached skill level 1 in Unarmed Combat
   396 | D:4      | Reached skill level 1 in Conjurations
   396 | D:4      | Reached skill level 1 in Charms
   396 | D:4      | Reached skill level 1 in Summonings
   396 | D:4      | Reached skill level 1 in Necromancy
   396 | D:4      | Reached skill level 1 in Translocations
   396 | D:4      | Reached skill level 1 in Transmutations
   396 | D:4      | Reached skill level 1 in Fire Magic
   396 | D:4      | Reached skill level 1 in Ice Magic
   396 | D:4      | Reached skill level 1 in Air Magic
   396 | D:4      | Reached skill level 1 in Earth Magic
   396 | D:4      | Reached skill level 1 in Poison Magic
   396 | D:4      | Reached skill level 1 in Invocations
   396 | D:4      | Reached skill level 1 in Evocations
   396 | D:4      | Reached XP level 4. HP: 17/32 MP: 1/11
   396 | D:4      | Reached XP level 5. HP: 20/37 MP: 1/12
   444 | D:2      | Found an opulent altar of Gozag.
   595 | D:5      | Entered Level 5 of the Dungeon
   672 | D:5      | Reached skill level 3 in Short Blades
   686 | D:5      | Found a stormy altar of Qazlal.
   688 | D:5      | Noticed an ogre
   688 | D:5      | Found a bloodstained altar of Trog.
   688 | D:5      | Found a sparkling altar of Nemelex Xobeh.
   688 | D:5      | Found a glowing silver altar of Zin.
   707 | D:5      | Killed an ogre
   707 | D:5      | Reached skill level 2 in Invocations
   707 | D:5      | Reached XP level 6. HP: 41/44 MP: 1/14
   710 | D:5      | Noticed a sky beast
   718 | D:5      | Reached skill level 5 in Dodging
   723 | D:5      | Killed a sky beast
   723 | D:5      | Reached skill level 2 in Fighting
   723 | D:5      | Reached skill level 2 in Long Blades
   723 | D:5      | Reached skill level 2 in Axes
   723 | D:5      | Reached skill level 2 in Maces & Flails
   723 | D:5      | Reached skill level 2 in Polearms
   723 | D:5      | Reached skill level 2 in Staves
   723 | D:5      | Reached skill level 2 in Slings
   723 | D:5      | Reached skill level 2 in Bows
   723 | D:5      | Reached skill level 2 in Crossbows
   723 | D:5      | Reached skill level 2 in Throwing
   723 | D:5      | Reached skill level 2 in Armour
   723 | D:5      | Reached skill level 2 in Shields
   723 | D:5      | Reached skill level 2 in Unarmed Combat
   723 | D:5      | Reached skill level 2 in Evocations
   947 | D:7      | Reached XP level 7. HP: 50/50 MP: 11/15
  1013 | D:7      | Reached skill level 2 in Conjurations
  1013 | D:7      | Reached skill level 2 in Charms
  1013 | D:7      | Reached skill level 2 in Summonings
  1013 | D:7      | Reached skill level 2 in Necromancy
  1013 | D:7      | Reached skill level 2 in Translocations
  1013 | D:7      | Reached skill level 2 in Transmutations
  1013 | D:7      | Reached skill level 2 in Fire Magic
  1013 | D:7      | Reached skill level 2 in Ice Magic
  1013 | D:7      | Reached skill level 2 in Air Magic
  1013 | D:7      | Reached skill level 2 in Earth Magic
  1013 | D:7      | Reached skill level 2 in Poison Magic
  1060 | D:7      | Reached skill level 3 in Invocations
  1119 | D:7      | Reached XP level 8. HP: 55/57 MP: 3/16
  1123 | D:7      | Reached skill level 6 in Hexes
  1127 | D:7      | Reached skill level 4 in Short Blades
  1215 | D:7      | Reached skill level 3 in Fighting
  1215 | D:7      | Reached skill level 3 in Long Blades
  1215 | D:7      | Reached skill level 3 in Axes
  1215 | D:7      | Reached skill level 3 in Maces & Flails
  1215 | D:7      | Reached skill level 3 in Polearms
  1215 | D:7      | Reached skill level 3 in Staves
  1215 | D:7      | Reached skill level 3 in Slings
  1215 | D:7      | Reached skill level 3 in Bows
  1215 | D:7      | Reached skill level 3 in Crossbows
  1215 | D:7      | Reached skill level 3 in Throwing
  1215 | D:7      | Reached skill level 3 in Armour
  1215 | D:7      | Reached skill level 3 in Shields
  1215 | D:7      | Reached skill level 3 in Unarmed Combat
  1215 | D:7      | Reached skill level 3 in Evocations
  1218 | D:7      | Reached skill level 6 in Spellcasting
  1272 | D:7      | Got a transparent rapier
  1273 | D:7      | Identified the +2 rapier "Eqiet" {pierce, MR+ SInv} (You found it on level 7 of the Dungeon)
  1341 | D:6      | Reached skill level 7 in Stealth
  1481 | D:6      | Reached skill level 4 in Invocations
  1484 | D:6      | Found a glowing golden altar of the Shining One.
  1488 | D:6      | Reached skill level 3 in Conjurations
  1488 | D:6      | Reached skill level 3 in Charms
  1488 | D:6      | Reached skill level 3 in Summonings
  1488 | D:6      | Reached skill level 3 in Necromancy
  1488 | D:6      | Reached skill level 3 in Translocations
  1488 | D:6      | Reached skill level 3 in Transmutations
  1488 | D:6      | Reached skill level 3 in Fire Magic
  1488 | D:6      | Reached skill level 3 in Ice Magic
  1488 | D:6      | Reached skill level 3 in Air Magic
  1488 | D:6      | Reached skill level 3 in Earth Magic
  1488 | D:6      | Reached skill level 3 in Poison Magic
  1488 | D:6      | Reached XP level 9. HP: 64/65 MP: 12/18
  1499 | D:6      | Noticed Menkaure
  1507 | D:6      | Killed Menkaure
  1507 | D:6      | Reached skill level 6 in Dodging
  1646 | D:4      | Got an ichor-stained quarterstaff
  1651 | D:4      | Identified the +7 quarterstaff of a wizard's laboratory {pain, +Fly rElec rPois MR-} (You found it on level 4 of the Dungeon)
  1741 | D:4      | Found Toenimim's Antique Weapon Shop.
  1744 | D:4      | Noticed Eustachio
  1755 | D:4      | Killed Eustachio
  1755 | D:4      | Reached skill level 4 in Fighting
  1755 | D:4      | Reached skill level 4 in Long Blades
  1755 | D:4      | Reached skill level 4 in Axes
  1755 | D:4      | Reached skill level 4 in Maces & Flails
  1755 | D:4      | Reached skill level 4 in Polearms
  1755 | D:4      | Reached skill level 4 in Staves
  1755 | D:4      | Reached skill level 4 in Slings
  1755 | D:4      | Reached skill level 4 in Bows
  1755 | D:4      | Reached skill level 4 in Crossbows
  1755 | D:4      | Reached skill level 4 in Throwing
  1755 | D:4      | Reached skill level 4 in Armour
  1755 | D:4      | Reached skill level 4 in Shields
  1755 | D:4      | Reached skill level 4 in Unarmed Combat
  1755 | D:4      | Reached skill level 4 in Evocations
  1760 | D:4      | Quit the game

Skill      XL: |  1  2  3  4  5  6  7  8  9 |
---------------+----------------------------+-----
Spellcasting   | 5 6 |  6.4
Stealth        | 6 7 |  7.2
Fighting       | 1 2 3 4 |  4.0
Long Blades    | 1 2 3 4 |  4.0
Axes           | 1 2 3 4 |  4.0
Maces & Flails | 1 2 3 4 |  4.0
Polearms       | 1 2 3 4 |  4.0
Staves         | 1 2 3 4 |  4.0
Slings         | 1 2 3 4 |  4.0
Bows           | 1 2 3 4 |  4.0
Crossbows      | 1 2 3 4 |  4.0
Throwing       | 1 2 3 4 |  4.0
Armour         | 1 2 3 4 |  4.0
Shields        | 1 2 3 4 |  4.0
Unarmed Combat | 1 2 3 4 |  4.0
Conjurations   | 1 2 3 |  3.2
Charms         | 1 2 3 |  3.2
Summonings     | 1 2 3 |  3.2
Necromancy     | 1 2 3 |  3.2
Translocations | 1 2 3 |  3.2
Transmutations | 1 2 3 |  3.2
Fire Magic     | 1 2 3 |  3.2
Ice Magic      | 1 2 3 |  3.2
Air Magic      | 1 2 3 |  3.2
Earth Magic    | 1 2 3 |  3.2
Poison Magic   | 1 2 3 |  3.2
Invocations    | 1 2 3 4 |  4.3
Evocations     | 1 2 3 4 |  4.0
Short Blades   | 3 4 |  4.8
Dodging        | 5 6 |  6.1
Hexes          | 6 |  6.4

Action                   |  1- 3 |  4- 6 |  7- 9 || total
-------------------------+-------+-------+-------++-------
Melee: Dagger            |    22 |    30 |    46 ||    98
       Flail             |       |     1 |     1 ||     2
       Bite              |       |     1 |     3 ||     4
       Rapier            |       |       |    35 ||    35
Throw: Javelin           |       |       |     4 ||     4
 Cast: Corona            |     3 |     1 |       ||     4
       Ensorcelled Hiber |     9 |    13 |    25 ||    47
       Confuse           |     1 |     1 |     7 ||     9
       Dazzling Spray    |       |       |     3 ||     3
Evoke: Wand              |       |     7 |    19 ||    26
  Use: Scroll            |     1 |     7 |     6 ||    14
 Stab: Sleeping          |     9 |    12 |    24 ||    45
       Confused          |     1 |     2 |     3 ||     6
       Paralysed         |       |     3 |     8 ||    11
       Invisible         |       |       |     1 ||     1
  Eat: Chunk             |       |       |     3 ||     3
Armor: Robe              |     1 |     2 |    22 ||    25
       Steam dragon scal |       |       |     2 ||     2
Dodge: Dodged            |    14 |    11 |    92 ||   117

Table legend:
 A = Turns spent in this place as a percentage of turns spent in the entire game.
 B = Non-inter-level travel turns spent in this place as a percentage of non-inter-level travel turns spent in the entire game.
 C = Inter-level travel turns spent in this place as a percentage of turns spent in this place.
 D = Turns resting spent in this place as a percentage of non-inter-level travel turns spent in this place.
 E = Turns spent auto-exploring this place as a percentage of non-inter-level travel turns spent in this place.
 F = Non-inter-level travel turns spent in this place divided by the number of levels of this place that you've seen.
                   A       B       C       D       E      F
               +-------+-------+-------+-------+-------+----------------------
         Total | 100.0 | 100.0 |   1.2 |   0.0 |   0.0 | 248.3
       Dungeon | 100.0 | 100.0 |   1.2 |   0.0 |   0.0 | 248.3
               +-------+-------+-------+-------+-------+----------------------

Table legend:
 A = Kills in this place as a percentage of kills in entire the game.
 B = Kills by you in this place as a percentage of kills by you in the entire game.
 C = Kills by friends in this place as a percentage of kills by friends in the entire game.
 D = Other kills in this place as a percentage of other kills in the entire game.
 E = Experience gained in this place as a percentage of experience gained in the entire game.
 F = Experience gained in this place divided by the number of levels of this place that you have seen.
                   A       B       C       D       E      F
               +-------+-------+-------+-------+-------+----------------------
         Total | 100.0 | 100.0 |   N/A | 100.0 | 100.0 | 415.0
       Dungeon | 100.0 | 100.0 |   N/A | 100.0 | 100.0 | 415.0
               +-------+-------+-------+-------+-------+----------------------

Vault maps used:
D:1:      dpeg_arrival_signposts
D:2:      overflow_temple_1_default, lemuel_old_faithful, uniq_natasha
D:3:      kennysheep_goblin_castle
D:4:      first_ration, serial_shops, shop, uniq_ijyb, uniq_eustachio
D:5:      grunt_temple_overflow_open
D:6:      lemuel_coloured_pillars_altar, minmay_misc_feat_rugged,
          minmay_misc_feat_diagonals, uniq_menkaure
D:7:      minmay_temple_entry_butterflies
